 Dungeon Crawl Stone Soup version 0.28.0-53-g5a82cb258f (webtiles) character file.

Game seed: 7417300867117982578

98 pkoi the Ruffian (level 4, 0/36 HPs)
             Began as a Demigod Gladiator on June 2, 2022.
             Slain by a black bear (5 damage)
             ... on level 4 of the Dungeon.
             The game lasted 00:03:09 (3169 turns).

pkoi the Ruffian (Demigod Gladiator)                Turns: 3169, Time: 00:03:10

Health: 0/36       AC:  6    Str: 19    XL:     4   Next: 20%
Magic:  6/6        EV: 11    Int: 10    God:
Gold:   163        SH:  0    Dex: 15    Spells: 3/3 levels left

rFire   . . .      SeeInvis .     - Unarmed
rCold   . . .      Faith    .   (no shield)
rNeg    . . .      Spirit   .   r - +0 ring mail "Tuoxkecy" {rPois Will++}
rPois   +          Reflect  .   b - +0 helmet
rElec   .          Harm     .   (no cloak)
rCorr   .          Rampage  .   (no gloves)
Will    ++...                   (no boots)
Stlth   +.........              (no amulet)
HPRegen 0.12/turn               (no ring)
MPRegen 0.10/turn               (no ring)

@: no status effects
A: high MP 1, forlorn, divine attributes
a: no special abilities


You were on level 4 of the Dungeon.
You visited 1 branch of the dungeon, and saw 4 of its levels.

You collected 163 gold pieces.

Inventory:

Hand Weapons
 i - a +0 dagger
 k - a +0 short sword
 l - a +0 hunting sling
 p - a +2 dagger of draining
 x - a +1 vampiric whip
Missiles
 c - 3 throwing nets (quivered)
 m - 9 poisoned darts
 t - 6 curare-tipped darts
Armour
 a - a +0 leather armour
 b - a +0 helmet (worn)
 f - a +0 ring mail
 r - the +0 ring mail "Tuoxkecy" (worn) {rPois Will++}
   (You found it on level 3 of the Dungeon)

   rPois:     It protects you from poison.
   Will:      It greatly increases your willpower.
Jewellery
 y - an amulet of the acrobat
Scrolls
 e - 2 scrolls of teleportation {unknown}
 g - 2 scrolls of fog {unknown}
 j - a scroll of amnesia {unknown}
 n - a scroll of acquirement {unknown}
 s - a scroll of vulnerability {unknown}
 v - a scroll of enchant weapon {unknown}
 w - 2 scrolls of magic mapping {unknown}
Potions
 d - a potion of lignification {unknown}
 h - a potion of curing {unknown}
 o - a potion of flight {unknown}
 q - 3 potions of invisibility {unknown}
 u - a potion of heal wounds {unknown}


   Skills:
 - Level 1.7 Fighting
 - Level 1.7 Throwing
 - Level 2.6 Dodging
 + Level 4.8 Unarmed Combat


You had 3 spell levels left.
You didn't know any spells.
Your spell library contained the following spells:

 Spells                   Type           Power      Damage    Failure   Level
 Animate Skeleton         Necr           0%         N/A       54%         1
 Apportation              Tloc           0%         N/A       54%         1
 Summon Small Mammal      Summ           0%         N/A       54%         1


Dungeon Overview and Level Annotations

Branches:
Dungeon (4/15)
 Temple: D:4-7

Shops:
D:3 =

Annotations:
D:3 Sigmund


Innate Abilities, Weirdness & Mutations

You have an increased reservoir of magic. (+10% MP)
You shall have no god before yourself.
Your divine heritage dramatically boosts your attributes as you level up.


Message History

The black bear is severely wounded.
The black bear barely misses you. The black bear claws you.
* * * LOW HITPOINT WARNING * * *
The black bear claws you but does no damage.
You barely miss the black bear.
The black bear is severely wounded.
You hit the black bear but do no damage.
The black bear is severely wounded.
The black bear bites you.
* * * LOW HITPOINT WARNING * * *
The black bear claws you.
* * * LOW HITPOINT WARNING * * *
The black bear claws you.
* * * LOW HITPOINT WARNING * * *
You barely miss the black bear.
The black bear is severely wounded.
The black bear barely misses you.
The black bear claws you but does no damage.
The black bear claws you.
* * * LOW HITPOINT WARNING * * *
You hit the black bear.
The black bear is severely wounded.
The black bear barely misses you. The black bear claws you.
* * * LOW HITPOINT WARNING * * *
The black bear closely misses you.
Unknown command.
You hit the black bear but do no damage.
The black bear is severely wounded.
The black bear goes berserk!
You hit the black bear.
The black bear is almost dead.
The black bear bites you!
* * * LOW HITPOINT WARNING * * *
The black bear claws you.
* * * LOW HITPOINT WARNING * * *
The black bear barely misses you.
You hit the black bear.
The black bear is almost dead.
The black bear bites you.
You die...

#.. #..).### #.## #+#+
#.#...## ########..####..
#.#..... #...........##..
#.###.#. #...........##..
#....... #...........##.#
#....... ............##.#
#.#####....##.
....####S....#.#
#........#.... .
#.h...#@# #######.######
#.....#h#...# #.######
#.....#S#...# #.....#
#####.#.#...### #####.#
#...#.....# #.# #####
##..#.....# #.# #...#
#..#.....# #.# #...#
##.#.....# #.#
#...#####>......#######.#


You could see a black bear (berserk) and an adder.

Vanquished Creatures
  A hound skeleton (D:4)
  2 adders
  A worm (D:2)
  3 dart slugs
  5 orcs (D:4)
  3 ball pythons
  3 endoplasms
  4 giant cockroaches
  5 goblins
  6 hobgoblins
  6 kobolds
  2 quokkas
  3 bats
  2 frilled lizards
  A rat (D:1)
47 creatures vanquished.

Notes
Turn   | Place    | Note
-------+----------+-------------------------------------------
     0 | D:1      | pkoi the Demigod Gladiator began the quest for the Orb.
     0 | D:1      | Reached XP level 1. HP: 17/17 MP: 3/3
   129 | D:1      | Reached skill level 3 in Unarmed Combat
   438 | D:1      | Reached XP level 2. HP: 24/24 MP: 4/4
  1322 | D:2      | Reached XP level 3. HP: 23/29 MP: 5/5
  1533 | D:2      | Reached skill level 4 in Unarmed Combat
  1783 | D:3      | Identified the +0 ring mail "Tuoxkecy" {rPois Will++}
  1889 | D:3      | Noticed Sigmund
  2494 | D:3      | Found Viloff's Jewellery Shoppe.
  2802 | D:4      | Reached XP level 4. HP: 6/36 MP: 6/6
  3139 | D:4      | Noticed a black bear
  3169 | D:4      | Slain by a black bear

Illustrated notes

Levels and vault maps discovered:
D:1:      eino_arrival_cavern_a, layout_basic
D:2:      layout_loops_cross, hellmonk_ecumenical_altar_crossroads
D:3:      layout_basic, serial_rivers, chequers_serial_rivers_micro_a,
          chequers_serial_rivers_micro_c, chequers_serial_rivers_small_b,
          chequers_serial_rivers_small_a, chequers_serial_rivers_small_b,
          serial_shops, shop, grunt_ministairs_7, guppyfry_early_lair_pool,
          uniq_sigmund
D:4:      layout_basic, lemuel_coloured_pillars_altar, lemuel_round_altar,
          uniq_robin

Skill      XL: |  1  2  3 |
---------------+----------+-----
Unarmed Combat | 3 4 |  4.8
Fighting       | |  1.7
Throwing       | |  1.7
Dodging        | |  2.6

Action                   |  1- 3 |  4- 6 || total
-------------------------+-------+-------++-------
Melee: Unarmed           |   180 |    31 ||   211
       Punch             |     4 |     3 ||     7
Armor: Ring mail         |    53 |    18 ||    71
       Leather armour    |     3 |       ||     3
       Skin              |     1 |       ||     1
Dodge: Dodged            |    93 |    22 ||   115
